 Dungeon Crawl Stone Soup version 0.32-a0-981-g384da2ce10 (webtiles) character file.

Game seed: 15708417913047232961

67889 Dazliare the Fighter (level 15, -5/139 HPs)
             Began as a Coglin Chaos Knight on Apr 20, 2024.
             Was a Plaything of Xom.
             Slain by a +7 long sword (16 damage)
             ... on level 13 of the Dungeon on Apr 21, 2024.
             The game lasted 00:58:24 (18558 turns).

Dazliare the Fighter (Coglin Chaos Knight)         Turns: 18558, Time: 00:58:25

Health: -5/139     AC: 11    Str:  9    XL:     15   Next: 24%
Magic:  19/19      EV: 21    Int: 17    God:    Xom [.*....]
Gold:   1770       SH:  0    Dex: 17    Spells: 13/20 levels left

rFire   + . .        O - +8 Vampire's Tooth {megavamp}
rCold   . . .        D - +7 Spriggan's Knife {stab, EV+4 Stlth+}
rNeg    . . .        i - +0 leather armour of Bogegoo {rElec Regen+}
rPois   .            (helmet restricted)
rElec   +            I - +2 cloak {Will+}
rCorr   .            N - +1 pair of gloves of Skepticism {Int+2}
SInv    .            U - +2 pair of boots {Stlth+}
Will    ++...        (amulet unavailable)
Stlth   +++++        (ring unavailable)
HPRegen 1.23/turn    (ring unavailable)
MPRegen 0.16/turn    R - articulated scope {rF+ Slay+3 Clar RMsl}

%: repel missiles, clarity
@: about to teleport, revving
A: off-hand wielding, slow wielding, warmup strikes, no jewellery, horns 1,
robust 1, weak 2, MP-powered wands, persistent drain
a: Renounce Religion


You were on level 13 of the Dungeon.
You worshipped Xom.
You were a plaything of Xom.
You visited 4 branches of the dungeon, and saw 21 of its levels.
You also visited: Gauntlet.

You collected 3147 gold pieces.
You spent 1377 gold pieces at shops.

Inventory:

Hand Weapons
 d - the +9 sword of Zonguldrok {reap}
   (You acquired it on level 4 of the Lair of Beasts)
 D - the +7 Spriggan's Knife (offhand) {stab, EV+4 Stlth+}
   (You bought it in a shop on level 2 of the Orcish Mines)

   Stab:      It is more effective when stabbing unaware enemies, sometimes
   treating them as though they were completely helpless.
   EV+4:      It affects your evasion (+4).
   Stlth+:    It makes you more stealthy.
 O - the +8 Vampire's Tooth (weapon) {megavamp}
   (You found it in a Gauntlet)
 T - a +0 demon trident
Missiles
 e - 7 throwing nets {!f}
 g - 20 poisoned darts (quivered)
 o - 5 curare-tipped darts {!f}
Armour
 i - the +0 leather armour of Bogegoo (worn) {rElec Regen+}
   (You found it on level 2 of the Lair of Beasts)

   rElec:     It insulates you from electricity.
   Regen+:    It increases your rate of health regeneration.
 t - the orb "Zuexzulamy" {mayhem, *Corrode rElec rPois Necro}
   (You found it on level 4 of the Dungeon)

   rElec:     It insulates you from electricity.
   rPois:     It protects you from poison.
   *Corrode:  It may corrode you when you take damage.
   Necro:     It increases the power of your Necromancy spells.
 I - a +2 cloak of willpower (worn)
 N - the +1 pair of gloves of Skepticism (worn) {Int+2}
   (You found it in a Gauntlet)

   Int+2:     It affects your intelligence (+2).
 U - a +2 pair of boots of stealth (worn)
Gizmo
 R - an articulated scope (installed) {rF+ Slay+3 Clar RMsl}
   (You invented it yourself on level 4 of the Lair of Beasts)

   [articulated scope]

   Slay+3:    It affects your accuracy & damage with ranged weapons and melee
   (+3).
   rF+:       It protects you from fire.
   Clar:      It protects you from confusion, rage, mesmerisation and fear.
   RMsl:      It protects you from missiles.
Wands
 y - a wand of warping (3)
 E - a wand of mindburst (37)
 G - a wand of acid (15)
 H - a wand of digging (4)
Scrolls
 a - 5 scrolls of fear
 b - 2 scrolls of silence
 c - a scroll of butterflies
 f - 3 scrolls of amnesia
 k - 2 scrolls of teleportation
 l - a scroll of vulnerability {unknown}
 q - a scroll of brand weapon {unknown}
 r - 4 scrolls of revelation
 u - 3 scrolls of fog
 w - 2 scrolls of immolation
 B - 4 scrolls of poison
Potions
 h - 3 potions of enlightenment
 j - 7 potions of attraction
 m - 2 potions of resistance
 p - 2 potions of degeneration
 s - 8 potions of curing {@q1}
 x - 3 potions of cancellation
 z - 3 potions of lignification
 A - 3 potions of brilliance
 C - a potion of haste
 F - a potion of berserk rage
 P - a potion of mutation
 Q - a potion of might
 S - 2 potions of magic
Miscellaneous
 n - a phantom mirror
 v - a tin of tremorstones (2/2)


   Skills:
 + Level 14.8 Fighting
 - Level 6.6(10.3) Short Blades
 - Level 13.2(14.0) Long Blades
 - Level 1.7 Armour
 * Level 11.8 Dodging
 + Level 6.0 Stealth
 - Level 4.0 Shields
 - Level 3.0 Spellcasting
 - Level 6.0 Earth Magic


You had 13 spell levels left.
You knew the following spells:

 Your Spells              Type           Power      Damage    Failure   Level
a - Sandblast             Erth           44%        2d11      1%          1
b - Passwall              Erth           22%        N/A       6%          3
c - Stone Arrow           Conj/Erth      24%        3d8       21%         3

Your spell library contained the following spells:

 Spells                   Type           Power      Damage    Failure   Level
 Jinxbite                 Hex            4%         N/A       34%         2
 Lesser Beckoning         Tloc           4%         N/A       34%         2
 Maxwell's Portable Pile  Tloc           2%         2d(5-14)  56%         3
 Teleport Other           Tloc           2%         N/A       56%         3
 Tukima's Dance           Hex            2%         N/A       56%         3
 Dimensional Bullseye     Hex/Tloc       1%         N/A       93%         4
 Iskenderun's Mystic Bla Conj/Tloc 2%             2d3        (+2d1     93%         4
 Summon Lightning Spire   Summ/Air       2%         N/A       93%         4
 Arcjolt                  Conj/Air       1%         1d11      100%        5
 Yara's Violent Unravell  Hex/Alch       1%         3d3       100%        5
 Enfeeble                 Hex            1%         N/A       100%        7
 Magnavolt                Erth/Air       6%         3d10      100%        7
 Maxwell's Capacitive Co  Air            1%         ∞         100%        8


Dungeon Overview and Level Annotations

Branches:
Dungeon (13/15)            Temple (1/1) D:4            Lair (5/5) D:11
 Shoals (0/4) Lair:2        Snake (0/4) Lair:3        Slime (0/5) Lair:5
    Orc (2/2) D:12            Elf (0/3) Orc:2        Vaults (0/5) D:13
Gauntlet (visited)

Altars:
Ashenzari
Cheibriados
Dithmenos
Elyvilon
Fedhas
Gozag
Hepliaklqana
Kikubaaqudgha
Makhleb
Nemelex Xobeh
Okawaru
Qazlal
Ru
Sif Muna
Trog
Uskayaw
Vehumet
Wu Jian
Xom
Yredelemnul
Zin
The Shining One

Shops:
D:6 (   Orc:2 (*?[

Portals:
Trove: D:11 (give +5 demon trident)

Annotations:
D:9 1 runed translucent door
D:10 2 runed translucent doors, terelglass's ghost, journeyman GrMo


Innate Abilities, Weirdness & Mutations

You can wield a second weapon in your off-hand.
It takes a long time for you to wield or remove held weapons.
Your first few attacks do less damage.
You cannot equip rings or amulets.
You have a pair of small horns on your head.
You are robust. (+10% HP)
You are very weak. (Str -4)
You expend magic power (3 MP) to strengthen your wands.
Your health recovers twice as slowly from being drained.


Message History

The +7 long sword hits you!!
* * * LOW HITPOINT WARNING * * *
The +7 long sword hits you!
* * * LOW HITPOINT WARNING * * *
The boulder beetle bites you but does no damage.
The +7 long sword hits you!
* * * LOW HITPOINT WARNING * * *
You turn to flesh and can move again.
Unknown command.
Unknown command.
Unknown command.
As you read the scroll of fear, it crumbles to dust.
You assume a fearsome visage.
The +7 long sword is unaffected.
The basilisk looks frightened!
The boulder beetle looks frightened!
The electric eel looks frightened! "Go forth and cause havoc, mortal!"
You feel much better. The +7 long sword hits you.
* * * LOW HITPOINT WARNING * * *
The boulder beetle leaps!
As you read the scroll of teleportation, it crumbles to dust.
You feel strangely unstable.
Xom smirks.
You feel aware of your surroundings.
You are now a plaything of Xom.
The +7 long sword hits you!!
* * * LOW HITPOINT WARNING * * *
The boulder beetle leaps!
The +7 long sword misses you.
You feel much better. The +7 long sword hits you!
* * * LOW HITPOINT WARNING * * *
You miss the +7 long sword with the +7 Spriggan's Knife.
You headbutt the +7 long sword, but do no damage.
You puncture the +7 long sword with the +8 Vampire's Tooth! x2
The +7 long sword is severely damaged.
The +7 long sword hits you!
* * * LOW HITPOINT WARNING * * *
Unknown command.
The +7 long sword attacks as it pursues you!
The +7 long sword completely misses you.
The +7 long sword hits you!
You die...

,, *♣~~~~~....~~~♣ #....... ,
~~~~~~.l..~~~ #....... #.
...#♣~S~~~~...~~♣* #....... #∩
∆....♣~~≈~~~...~~♣♣♣###|......
#.##..c ♣~~≈≈~~....~~♣♣.........^
#.#...# ~~~≈~~~~...~~♣###..######
......#*#~~~~~~...~~~♣ #..#
......## #~~≈~~.(..~♣* #..#
..)....# #~~~~~~@..♣# #..#
..(....# #♣~~~~~...# #..#
###z...# ♣~~~~~...# #..# ##
#.#### #♣P~~~..## #..# ###. #(#
*♣~~~♣.## #..# #... #.#
#.♣~♣#.########..###.#.
###z#######..~.................P~
...((z..........................)
######..#.#♣♣♣♣♣...♣#)))........P


You could see a basilisk (fleeing), an electric eel (fleeing) and a +7 long
sword.

Vanquished Creatures
  A minotaur (Gauntlet)
  A dire elephant (Lair:5)
  Snorg (Orc:1)
  A great orb of eyes (Gauntlet)
  A catoblepas (Lair:4)
  Harold (Lair:1)
  A merfolk avatar (Lair:5)
  A hydra (Lair:3)
  Erica (D:8)
  4 two-headed ogres
  2 boulder beetles
  4 centaur warriors (D:13)
  Nergalle (Lair:3)
  Sonja (D:10)
  A skeletal warrior (D:13)
  A lindwurm (Lair:5)
  7 orc knights
  A harpy (Lair:5)
  2 deep elf pyromancers
  2 orc sorcerers
  An ugly thing (Gauntlet)
  An obsidian bat (Orc:2)
  A manticore (Lair:5)
  2 cyclopes
  4 kobold blastminers (Orc:2)
  10 elephants
  6 black mambas
  Maurice (D:10)
  A gargoyle (D:12)
  A merfolk siren (Lair:2)
  An orange demon (D:10)
  2 torpor snails
  An unseen horror (D:11)
  11 cane toads
  Jeremiah (D:8)
  2 rime drakes
  Maggie (D:10)
  8 komodo dragons
  2 ice devils
  2 efreet
  2 trolls (D:12)
  3 merfolk (Lair:2)
  A red devil (D:10)
  4 polar bears
  4 hornets
  A hellwing (D:10)
  Grinder (D:6)
  30 blink frogs
  20 yaks
  2 water elementals (D:13)
  6 wyverns
  2 ynoxinuls (D:10)
  A wraith (D:11)
  A basilisk (Lair:1)
  A fire elemental (Gauntlet)
  3 wargs
  A golden eye (D:9)
  Eustachio (D:4)
  6 vampire mosquitoes (D:12)
  A chaos spawn (D:10)
  Menkaure (D:6)
  3 nagas (Lair:3)
  2 acid dragons
  3 hell hounds (Gauntlet)
  11 water moccasins
  3 ice beasts
  22 orc warriors
  3 laughing skulls (Gauntlet)
  17 wolves
  5 ogres
  17 centaurs
  A kobold brigand (D:9)
  Blork the orc (D:6)
  13 bullfrogs
  A gnoll sergeant (D:9)
  4 scorpions
  12 wights
  3 killer bees (D:7)
  9 electric eels
  4 hounds
  11 orc priests
  A bombardier beetle (D:6)
  A jelly (Lair:5)
  2 quasits (D:10)
  A gnoll bouda (D:5)
  3 iguanas
  16 orc wizards
  14 gnolls
  2 river rats
  9 adders
  A shadow imp (D:7)
  3 white imps (Gauntlet)
  2 dart slugs
  57 orcs
  7 endoplasms
  4 giant cockroaches
  7 hobgoblins
  5 jackals (D:1)
  7 kobolds
  2 quokkas
  A ball python (D:3)
  4 bats
  A frilled lizard (D:3)
  6 goblins
  7 rats
494 creatures vanquished.

Vanquished Creatures (collateral kills)
  A skyshark (Lair:5)
  A harpy (Lair:5)
  An elephant (Lair:5)
  2 cane toads
  A komodo dragon (Lair:5)
  An ice devil (D:10)
  A red devil (D:10)
  4 blink frogs
  An acid dragon (D:10)
  6 orc warriors
  2 wolves (Lair:2)
  A gnoll bouda (D:10)
  3 jellies (Lair:5)
  A gnoll (D:10)
  4 orcs
30 creatures vanquished.

Vanquished Creatures (others)
  A skyshark (Lair:5)
  2 water elementals (D:13)
  A wyvern (Lair:5)
  A skyshark zombie (Lair:5)
  A cane toad zombie (Lair:5)
  A hornet zombie (Lair:5)
  5 orc warriors (Orc:2)
  A lindwurm zombie (Lair:5)
  2 blink frog zombies (Lair:5)
  A komodo dragon zombie (Lair:5)
  2 warg zombies
  A water moccasin zombie (Lair:5)
  A polar bear zombie (Lair:5)
  A jelly zombie (Lair:5)
  2 orcs (Orc:2)
  22 orc zombies
45 creatures vanquished.

Grand Total: 569 creatures vanquished

Notes
Turn   | Place    | Note
-------+----------+-------------------------------------------
     0 | D:1      | Dazliare the Coglin Chaos Knight began the quest for the
                  | Orb.
     0 | D:1      | Reached XP level 1. HP: 18/18 MP: 1/1
   249 | D:1      | Reached XP level 2. HP: 24/24 MP: 2/2
   530 | D:1      | Reached XP level 3. HP: 27/29 MP: 3/3
   532 | D:1      | Learned a level 1 spell: Sandblast
   592 | D:1      | XOM: god gift: glowing green potion {god gift}
   637 | D:1      | XOM: 3-stop teleportation journey
   759 | D:1      | Found a faded altar of an unknown god.
   759 | D:1      | Noticed a shadow demon
  2022 | D:3      | Found a stormy altar of Qazlal.
  2052 | D:3      | Found an opulent altar of Gozag.
  2084 | D:3      | XOM: summons 4 hostile shadow creatures
  2085 | D:3      | Noticed a phantom
  2206 | D:3      | Reached skill level 1 in Earth Magic
  2356 | D:3      | Reached XP level 4. HP: 35/35 MP: 4/4
  2429 | D:3      | Identified the +5 mace "Kapty" {freeze, Fly rElec rPois
                  | Int-3}
  2444 | D:3      | XOM: noise
  2639 | D:3      | Found a glowing golden altar of the Shining One.
  2653 | D:3      | Found a basalt altar of Yredelemnul.
  2655 | D:3      | Noticed a profane servitor
  2736 | D:3      | Noticed an angel
  2754 | D:4      | Reached skill level 1 in Shields
  2879 | D:4      | Found a staircase to the Ecumenical Temple.
  2879 | D:4      | XOM: 7-stop teleportation journey
  2884 | D:4      | XOM: cast spell 'Alistair's Intoxication'
  2890 | D:4      | Reached XP level 5. HP: 37/41 MP: 5/5
  2998 | D:4      | Noticed Eustachio
  3019 | D:4      | Killed Eustachio
  3020 | D:4      | Reached XP level 6. HP: 47/47 MP: 6/6
  3094 | D:4      | XOM: give mutations
  3094 | D:4      | Gained mutation: You sometimes lose your temper in combat.
                  | [Xom's mischief]
  3094 | D:4      | Lost mutation: You sometimes lose your temper in combat.
                  | [Xom's mischief]
  3244 | D:4      | Identified the orb "Zuexzulamy" {mayhem, *Corrode rElec
                  | rPois Necro}
  3422 | Temple   | Entered the Ecumenical Temple
  3441 | D:5      | Entered Level 5 of the Dungeon
  3583 | D:5      | Reached skill level 1 in Spellcasting
  3583 | D:5      | Reached XP level 7. HP: 52/52 MP: 6/8
  3636 | D:5      | Learned a level 3 spell: Passwall
  3640 | D:5      | Learned a level 3 spell: Stone Arrow
  3730 | D:5      | Found a bloodstained altar of Trog.
  3921 | D:5      | XOM: summons 1 hostile demon
  4510 | D:6      | XOM: destruction
  4580 | D:5      | Reached XP level 8. HP: 26/58 MP: 11/11
  4714 | D:5      | XOM: silly message
  4900 | D:6      | Reached skill level 5 in Earth Magic
  4910 | D:5      | XOM: potion effect (curing)
  5169 | D:5      | Reached skill level 5 in Short Blades
  5212 | D:6      | Noticed Blork the orc
  5215 | D:6      | XOM: divination: detect items
  5236 | D:5      | XOM: noise
  5372 | D:6      | Noticed Grinder
  5491 | D:6      | Killed Blork the orc
  5493 | D:6      | Noticed Menkaure
  5528 | D:6      | Killed Menkaure
  5613 | D:6      | XOM: silly message
  5629 | D:6      | Killed Grinder
  5725 | D:6      | Identified the +2 quarterstaff of Mufak {heavy, Int+2}
  5727 | D:6      | XOM: silly message
  5945 | D:6      | Found Oxunk's Hydra Hut.
  5950 | D:6      | Noticed a six-headed hydra
  5953 | D:6      | Bought a +1 falchion of flaming for 161 gold pieces
  6144 | D:7      | Reached skill level 1 in Long Blades
  6144 | D:7      | Reached XP level 9. HP: 53/63 MP: 13/13
  6173 | D:7      | XOM: potion effect (haste)
  6406 | D:7      | Found a shimmering blue altar of Sif Muna.
  6453 | D:7      | XOM: cloud trail
  6525 | D:7      | XOM: divination: magic mapping
  6574 | D:7      | Found an ancient bone altar of Kikubaaqudgha.
  6645 | D:7      | Found a white marble altar of Elyvilon.
  6816 | D:8      | You fall into a shaft and drop 1 floor!
  6819 | D:9      | XOM: silly message
  6963 | D:8      | Noticed Erica
  6968 | D:8      | Killed Erica
  7118 | D:8      | XOM: blink monster(s)
  7177 | D:8      | XOM: give mutations
  7177 | D:8      | Gained mutation: You are agile. (Dex +4, Str/Int -1) [Xom's
                  | grace]
  7177 | D:8      | Gained mutation: You are very agile. (Dex +8, Str/Int -2)
                  | [Xom's grace]
  7177 | D:8      | Gained mutation: You passively map a small area around you.
                  | [Xom's grace]
  7177 | D:8      | Gained mutation: Your natural rate of healing is unusually
                  | fast. [Xom's grace]
  7205 | D:8      | Reached XP level 10. HP: 65/70 MP: 14/14
  7339 | D:8      | Found a blossoming altar of Fedhas.
  7342 | D:8      | XOM: cast spell 'Chain of Chaos'
  7346 | D:8      | XOM: cloud trail
  7396 | D:8      | Noticed Jeremiah
  7415 | D:8      | Killed Jeremiah
  7661 | D:9      | Found a sparkling altar of Nemelex Xobeh.
  7717 | D:9      | XOM: give mutations
  7717 | D:9      | Gained mutation: You have hidden genetic defects. [Xom's
                  | mischief]
  7717 | D:9      | Lost mutation: You are very agile. (Dex +8, Str/Int -2)
                  | [Xom's mischief]
  7717 | D:9      | Lost mutation: Your natural rate of healing is unusually
                  | fast. [Xom's mischief]
  7717 | D:9      | Gained mutation: You are robust. (+10% HP) [Xom's mischief]
  7738 | D:9      | XOM: polymorph bullfrog -> golden eye
  7762 | D:9      | XOM: god gift: 27 gold pieces
  7778 | D:9      | XOM: cast spell 'Discord'
  7834 | D:9      | XOM: silly message
  7837 | D:9      | XOM: noise
  7843 | D:9      | XOM: divination: detect creatures
  7974 | D:9      | HP: 2/77 [gnoll/+2 halberd of protection[a gnoll sergeant]
                  | (10)]
  8108 | D:9      | Gained mutation: Your health recovers twice as slowly from
                  | being drained. [hidden defects]
  8134 | D:9      | Noticed a boulder beetle
  8134 | D:9      | Noticed a meliai
  8135 | D:9      | Found a runed translucent door.
  8137 | D:9      | Noticed a six-headed hydra
  8137 | D:9      | Noticed a red very ugly thing
  8137 | D:9      | Noticed a green very ugly thing
  8338 | D:9      | XOM: silly message
  8513 | D:10     | Entered Level 10 of the Dungeon
  8540 | D:10     | Noticed Sonja
  8540 | D:10     | XOM: 1-stop teleportation journey
  8555 | D:10     | Noticed Maurice
  8558 | D:10     | HP: 3/77 [chaos spawn (13)]
  8560 | D:10     | Found a broken altar of Ashenzari.
  8616 | D:10     | Reached skill level 10 in Long Blades
  8620 | D:10     | Noticed an orange demon
  8634 | D:10     | XOM: silly message
  8639 | D:10     | Gained mutation: You are weak. (Str -2) [hidden defects]
  8639 | D:10     | Lost mutation: You have hidden genetic defects. [hidden
                  | defects expressed]
  8695 | D:10     | Found a runed translucent door.
  8696 | D:10     | Noticed a red ugly thing
  8696 | D:10     | Noticed a five-headed hydra
  8696 | D:10     | Noticed a deep elf archer
  8697 | D:10     | Noticed a lich
  8698 | D:10     | Noticed a necromancer
  8700 | D:10     | Found a runed translucent door.
  8700 | D:10     | Noticed a skeletal warrior
  8706 | D:10     | Noticed terelglass's ghost (journeyman GrMo)
  8706 | D:10     | Noticed a skeletal warrior
  8731 | D:10     | XOM: potion effect (invisibility)
  8735 | D:10     | XOM: cast spell 'Discord'
  8802 | D:9      | XOM: give mutations
  8802 | D:9      | Gained mutation: You are very weak. (Str -4) [Xom's
                  | mischief]
  8802 | D:9      | Lost mutation: You are robust. (+10% HP) [Xom's mischief]
  8811 | D:10     | Killed Maurice
  8826 | D:10     | XOM: 1-stop teleportation journey
  8844 | D:10     | XOM: stat loss: -1 Dex (18/19)
  8928 | D:10     | Noticed Maggie
  8936 | D:10     | XOM: enchant monster (bad)
  8942 | D:10     | Killed Maggie
  8943 | D:10     | Reached XP level 11. HP: 20/75 MP: 15/15
  9114 | D:10     | XOM: cast spell 'Summon Dragon'
  9187 | D:10     | Killed Sonja
  9304 | D:10     | Found a hazy altar of Hepliaklqana.
  9506 | D:11     | Noticed a cyclops
  9533 | D:11     | Killed a cyclops
  9626 | D:11     | Noticed a two-headed ogre
  9628 | D:11     | XOM: butterfly on damage
  9632 | D:11     | Killed a two-headed ogre
  9715 | D:11     | Found an opulent altar of Gozag.
  9797 | D:11     | Noticed a two-headed ogre
  9806 | D:11     | Killed a two-headed ogre
  9807 | D:11     | Reached skill level 4 in Fighting
  9834 | D:11     | XOM: 3-stop teleportation journey
  9869 | D:11     | XOM: cloud trail
  9893 | D:11     | Noticed a boulder beetle
  9898 | D:11     | XOM: potion effect (invisibility)
  9909 | D:11     | Killed a boulder beetle
  9910 | D:11     | Reached skill level 5 in Fighting
  9928 | D:11     | XOM: silly message
  9972 | D:11     | XOM: divination: detect items
  9990 | D:11     | Noticed a deep elf pyromancer
  9999 | D:11     | Killed a deep elf pyromancer
 10090 | D:11     | Found a portal to a secret trove of treasure.
 10111 | D:11     | Noticed a two-headed ogre
 10122 | D:11     | Killed a two-headed ogre
 10123 | D:11     | Reached skill level 6 in Fighting
 10253 | D:11     | XOM: divination: detect creatures
 10343 | D:11     | Found a staircase to the Lair.
 10349 | Lair:1   | Entered Level 1 of the Lair of Beasts
 10356 | Lair:1   | Reached skill level 7 in Fighting
 10422 | Lair:1   | Reached XP level 12. HP: 54/91 MP: 16/16
 10462 | Lair:1   | Found a gate leading to a gauntlet.
 10462 | Lair:1   | XOM: potion effect (might)
 10467 | Lair:1   | XOM: potion effect (heal wounds)
 10469 | Gauntlet | Entered a Gauntlet
 10469 | Gauntlet | Found a transporter.
 10488 | Gauntlet | Found a transporter.
 10489 | Gauntlet | Found a transporter.
 10493 | Gauntlet | Found a transporter.
 10497 | Gauntlet | Found a transporter.
 10500 | Gauntlet | Found a transporter.
 10501 | Gauntlet | Found a transporter.
 10512 | Gauntlet | Found a transporter.
 10513 | Gauntlet | Found a transporter.
 10513 | Gauntlet | Found a transporter.
 10517 | Gauntlet | Found a runed translucent door.
 10521 | Gauntlet | Found a transporter.
 10523 | Gauntlet | Found a runed translucent door.
 10524 | Gauntlet | Found a transporter.
 10525 | Gauntlet | Found a transporter.
 10527 | Gauntlet | Noticed a great orb of eyes
 10533 | Gauntlet | Found a transporter.
 10625 | Gauntlet | Reached skill level 8 in Fighting
 10789 | Gauntlet | Reached skill level 9 in Fighting
 10797 | Gauntlet | XOM: blink monster(s)
 10813 | Gauntlet | XOM: summons 3 hostile demons
 10838 | Gauntlet | Identified the +1 pair of gloves of Skepticism {Int+2}
 10879 | Gauntlet | XOM: polymorph green ugly thing -> cyan ugly thing
 10885 | Gauntlet | XOM: chaos cloud
 10890 | Gauntlet | Killed a great orb of eyes
 10940 | Gauntlet | Noticed a minotaur
 10954 | Gauntlet | Killed a minotaur
 10955 | Gauntlet | Reached skill level 10 in Fighting
 11007 | Gauntlet | XOM: give mutations
 11007 | Gauntlet | Lost mutation: You are agile. (Dex +4, Str/Int -1) [Xom's
                  | mischief]
 11007 | Gauntlet | Lost mutation: You passively map a small area around you.
                  | [Xom's mischief]
 11010 | Gauntlet | Found the +8 Vampire's Tooth {megavamp}
 11096 | Lair:1   | XOM: god gift: 40 gold pieces
 11129 | Lair:1   | XOM: give mutation
 11129 | Lair:1   | Gained mutation: You expend magic power (3 MP) to
                  | strengthen your wands. [Xom's grace]
 11319 | Lair:1   | Reached skill level 11 in Fighting
 11554 | Lair:1   | XOM: enchant monster (good)
 11564 | Lair:1   | Reached skill level 12 in Fighting
 11644 | Lair:1   | Noticed Harold
 11649 | Lair:1   | Killed Harold
 11650 | Lair:1   | Reached skill level 1 in Dodging
 11743 | Lair:1   | XOM: summons 4 hostile demons
 11937 | Lair:1   | XOM: 4-stop teleportation journey
 12219 | Lair:2   | XOM: cast spell 'Discord'
 12251 | Lair:2   | Reached XP level 13. HP: 81/108 MP: 17/17
 12272 | Lair:2   | Identified the +0 leather armour of Bogegoo {rElec Regen+}
 12278 | Lair:2   | XOM: silly message
 12335 | Lair:2   | XOM: divination: detect items
 12336 | Lair:2   | XOM: summons friendly crimson imp
 12388 | Lair:1   | XOM: cloud trail
 12576 | Lair:2   | XOM: polymorph skyshark -> cane toad
 12644 | Lair:2   | Found a staircase to the Shoals.
 12657 | Lair:2   | XOM: 2-stop teleportation journey
 12689 | Lair:2   | XOM: god gift: crooked lead wand {god gift}
 12773 | Lair:2   | Identified the +0 leather armour of the Aged Blessings
                  | {-Tele +Inv rN+++ Int-2}
 12820 | Lair:2   | XOM: scenery: summon butterflies
 12848 | Lair:2   | XOM: polymorph cane toad -> scorpion
 12899 | Lair:2   | XOM: scenery: summon butterflies
 12929 | Lair:2   | XOM: cleaving
 12946 | Lair:2   | XOM: 2-stop teleportation journey
 13057 | Lair:2   | Reached skill level 5 in Dodging
 13159 | Lair:2   | XOM: god gift: 20 gold pieces
 13252 | Lair:3   | Noticed Nergalle
 13255 | Lair:3   | XOM: summons 2 friendly demons
 13264 | Lair:3   | Killed Nergalle
 13451 | Lair:3   | Found a frozen archway.
 13534 | Lair:3   | XOM: fake destruction
 13547 | Lair:3   | XOM: give mutation
 13547 | Lair:3   | Gained mutation: You are robust. (+10% HP) [Xom's grace]
 13619 | Lair:3   | XOM: divination: detect items
 13623 | Lair:3   | Reached skill level 13 in Fighting
 13634 | Lair:3   | XOM: enchant monster (good)
 13651 | Lair:3   | XOM: 1-stop teleportation journey
 13896 | Lair:3   | Found a staircase to the Snake Pit.
 13991 | Lair:3   | XOM: cleaving
 14188 | Lair:3   | XOM: cloud trail
 14367 | Lair:3   | XOM: polymorph butterfly -> endoplasm
 14676 | Lair:4   | XOM: summons friendly crimson imp
 14677 | Lair:4   | XOM: potion effect (haste)
 14691 | Lair:4   | XOM: scenery: summon butterflies
 14692 | Lair:4   | XOM: cast spell 'Animate Armour'
 14720 | Lair:4   | XOM: summons 5 friendly demons
 14721 | Lair:4   | Reached skill level 1 in Stealth
 14769 | Lair:4   | Identified a scroll of acquirement
 14771 | Lair:4   | Acquired 955 gold pieces
 14830 | Lair:4   | XOM: scenery: create altars
 14973 | Lair:4   | Reached XP level 14. HP: 104/129 MP: 18/18
 14979 | Lair:4   | Acquired an articulated scope {rF+ Slay+3 Clar RMsl}
 15084 | Lair:4   | Found a hide-covered altar of Uskayaw.
 15087 | Lair:4   | Found an ornate altar of the Wu Jian Council.
 15092 | Lair:4   | XOM: fake destruction
 15099 | Lair:4   | Acquired the +9 sword of Zonguldrok {reap}
 15099 | Lair:4   | Found the +9 sword of Zonguldrok {reap}
 15109 | Lair:4   | XOM: god gift: 21 gold pieces
 15337 | Lair:5   | Entered Level 5 of the Lair of Beasts
 15412 | Lair:5   | XOM: cleaving
 15485 | Lair:5   | Found a staircase to the Slime Pits.
 15506 | Lair:5   | XOM: divination: magic mapping
 15517 | Lair:5   | Paralysed by a hornet for 2 turns
 15532 | Lair:5   | Noticed a dire elephant
 15539 | Lair:5   | XOM: divine lightning
 15540 | Lair:5   | Reached skill level 14 in Fighting
 15558 | Lair:5   | XOM: scenery: summon butterflies
 15561 | Lair:5   | Killed a dire elephant
 15571 | Lair:5   | XOM: scenery: create altars
 15573 | Lair:5   | Reached skill level 10 in Dodging
 15775 | Lair:5   | XOM: give mutation
 15775 | Lair:5   | Gained mutation: You have a pair of small horns on your
                  | head. [Xom's grace]
 16036 | Lair:5   | XOM: cloud trail
 16132 | Lair:3   | XOM: cloud trail
 16222 | D:12     | XOM: stealth player
 16306 | D:12     | Found a staircase to the Orcish Mines.
 16331 | D:12     | XOM: divination: detect creatures
 16997 | Orc:1    | Entered Level 1 of the Orcish Mines
 17055 | Orc:1    | XOM: polymorph orc warrior -> giant cockroach
 17080 | Orc:1    | XOM: 3-stop teleportation journey
 17292 | Orc:2    | Entered Level 2 of the Orcish Mines
 17293 | Orc:2    | Noticed Snorg
 17309 | Orc:1    | XOM: scenery: summon butterflies
 17312 | Orc:1    | Killed Snorg
 17365 | Orc:2    | Reached skill level 5 in Stealth
 17380 | Orc:2    | XOM: summons friendly white imp
 17381 | Orc:2    | XOM: polymorph centaur -> river rat
 17394 | Orc:2    | XOM: destruction
 17522 | Orc:2    | Found a staircase to the Elven Halls.
 17657 | Orc:2    | XOM: fog
 17658 | Orc:2    | XOM: summons friendly ynoxinul
 17663 | Orc:2    | Reached XP level 15. HP: 139/139 MP: 19/19
 17672 | Orc:2    | XOM: silly message
 17678 | Orc:2    | XOM: potion effect (attraction)
 17698 | Orc:2    | XOM: silly message
 17885 | Orc:2    | Found Yhaqikh's General Store.
 17885 | Orc:2    | Found Rejod's Magic Scroll Boutique.
 17887 | Orc:2    | Found Yfaywiez's Armour Shop.
 17889 | Orc:2    | Found Wiffoan's Weapon Emporium.
 17893 | Orc:2    | Bought a scroll of identify for 26 gold pieces
 17897 | Orc:2    | Bought a +1 pair of boots of stealth for 280 gold pieces
 17914 | Orc:2    | Bought the +7 Spriggan's Knife {stab, EV+4 Stlth+} for 826
                  | gold pieces
 17914 | Orc:2    | Found the +7 Spriggan's Knife {stab, EV+4 Stlth+}
 18019 | Orc:2    | Bought 3 scrolls of identify for 84 gold pieces
 18285 | D:13     | XOM: 4-stop teleportation journey
 18312 | D:13     | Found a gate to the Vaults.
 18314 | D:13     | XOM: divination: detect items
 18318 | D:13     | XOM: confuse monster(s)
 18332 | D:13     | XOM: swap monsters
 18333 | D:13     | XOM: cast spell 'Iskenderun's Battlesphere'
 18336 | D:13     | XOM: noise
 18348 | D:13     | XOM: cast spell 'Olgreb's Toxic Radiance'
 18353 | D:13     | XOM: swap monsters
 18554 | D:13     | XOM: potion effect (heal wounds)
 18555 | D:13     | XOM: divination: magic mapping
 18555 | D:13     | HP: 4/139 [+7 long sword (20)]
 18558 | D:13     | Slain by a +7 long sword

Illustrated notes

Levels and vault maps discovered:
D:1:      dpeg_arrival_prison, layout_basic,
          dreamdust_ecumenical_altar_sealed_demon, serial_forest,
          infiniplex_forest_fountain, infiniplex_forest_straight_3,
          infiniplex_forest_lined_corner, infiniplex_forest_pool,
          infiniplex_forest_lined_2, infiniplex_forest_lined_3_way,
          amcnicky_mini_rare_corridor_liquid, patterned_corridor
D:2:      layout_basic
D:3:      layout_basic, grunt_temple_overflow_holy_war,
          mainiacjoe_overflow_tiny_flanked, amcnicky_altar_gilded
D:4:      layout_gridville, minmay_temple_entry_antechambers,
          minmay_crystal_room, kennysheep_generic_room_16, uniq_eustachio
D:5:      layout_loops_ring, mainiacjoe_overflow_six_doors_small, serial_rivers,
          chequers_serial_rivers_micro_c, chequers_serial_rivers_small_b,
          chequers_serial_rivers_micro_d, chequers_serial_rivers_marsh,
          chequers_serial_rivers_micro_b
D:6:      layout_basic, doesnt_shop_hydraphobe, uniq_blork_the_orc,
          uniq_menkaure, uniq_grinder
D:7:      layout_rooms, mainiacjoe_overflow_24_doors,
          mainiacjoe_overflow_big_doors, nicolae_letterblocks
          [nicolae_letter_subblock, nicolae_letter_subblock,
          nicolae_letter_subblock, nicolae_letter_subblock,
          nicolae_letter_subblock, nicolae_letter_subblock,
          nicolae_letter_subblock, nicolae_letter_subblock,
          nicolae_letter_subblock, nicolae_letter_subblock,
          nicolae_letter_subblock, nicolae_letter_subblock,
          nicolae_letter_subblock, nicolae_letter_subblock,
          nicolae_letter_subblock, nicolae_letter_subblock,
          nicolae_letter_subblock, nicolae_letter_subblock,
          nicolae_letter_subblock, nicolae_letter_subblock,
          nicolae_letter_subblock, nicolae_letter_subblock,
          nicolae_letter_subblock, nicolae_letter_subblock,
          nicolae_letter_subblock]
D:8:      layout_loops_ring, mainiacjoe_overflow_brackets, uniq_erica,
          uniq_jeremiah
D:9:      minmay_gate_of_8, layout_stronghold, nemelex_xobeh_ov_fountains_minmay
D:10:     layout_big_octagon, evilmike_ruin_ashenzari, kennysheep_mini_moat,
          muffindrake_ghost_dual_entry, serial_demonic, serial_demonic_c,
          serial_demonic_a, serial_demonic_f, serial_demonic_d,
          serial_demonic_c, serial_demonic_b, uniq_maurice, uniq_sonja,
          uniq_maggie
D:11:     layout_long_grid, lair_entry_dummy, nicolae_trove_entry_free_sample,
          grunt_gozag_statues
D:12:     layout_loops_cross
D:13:     layout_long_grid, erik_vaults_1, serial_bayou, serial_bayou_lake_a,
          serial_bayou_lagoon_a, serial_bayou_pond_c, serial_bayou_ford_a
Temple:   nicolae_temple_bog_church
Lair:1:   layout_cave_pods, gauntlet_entry_generic, lemuel_fruit_fields,
          uniq_harold
Lair:2:   layout_gridlike, elwin_shoals_entry_stream, beast_lair_carwin_6
Lair:3:   layout_cave_pods, nicolae_snake_entry_squirm,
          portal_ice_cave_entry_pillars_2, pond, lemuel_fruit_fields,
          uniq_nergalle
Lair:4:   layout_regular_city, nzn_masters_of_martial_movement
Lair:5:   gammafunk_lair_ancient_temple, layout_regular_city,
          nicolae_slime_entry_field_trip
Orc:1:    layout_caves
Orc:2:    st_orc_rangers, layout_caves, uniq_snorg

Skill      XL: |  1  2  3  4  5  6  7  8  9 10 11 12 13 14 15 |
---------------+----------------------------------------------+-----
Short Blades   | 3 4 6 |  6.6
Earth Magic    | 1 4 5 6 |  6.0
Shields        | 2 3 4 |  4.0
Spellcasting   | 1 2 3 |  3.0
Long Blades    | 1 7 11 13 | 13.2
Fighting       | 7 12 13 14 | 14.8
Dodging        | 3 8 11 | 11.8
Stealth        | 1 5 6 |  6.0
Armour         | |  1.7

Action                     |  1- 3 |  4- 6 |  7- 9 | 10-12 | 13-15 || total
---------------------------+-------+-------+-------+-------+-------++-------
  Melee: Short sword       |   132 |     4 |       |       |       ||   136
         Dagger            |    81 |    89 |   183 |       |       ||   353
         Mace              |       |     7 |       |    24 |       ||    31
         Falchion          |       |       |    81 |   246 |       ||   327
         Scimitar          |       |       |    27 |   443 |   232 ||   702
         Quick blade       |       |       |       |   172 |   974 ||  1146
         Double sword      |       |       |       |       |   213 ||   213
         Headbutt          |       |       |       |       |    85 ||    85
         Knife             |       |       |       |       |    56 ||    56
  Throw: Stone             |     3 |       |       |       |       ||     3
         Dart              |     1 |     5 |    11 |    16 |     6 ||    39
   Cast: Sandblast         |       |       |    31 |       |       ||    31
         Stone Arrow       |       |       |     4 |       |       ||     4
Ability: Invent Gizmo      |       |       |       |       |     1 ||     1
  Evoke: Wand              |       |       |       |     3 |       ||     3
    Use: Scroll            |       |     9 |     3 |    11 |    17 ||    40
         Potion            |       |       |     3 |     3 |     3 ||     9
   Stab: Confused          |     4 |       |       |       |     3 ||     7
         Sleeping          |     2 |     1 |     1 |     1 |     5 ||    10
         Invisible         |       |       |       |    14 |       ||    14
         Distracted        |       |       |       |     2 |     4 ||     6
 Armour: Leather armour    |    37 |       |       |       |   435 ||   472
         Troll leather arm |    17 |    47 |   164 |   399 |       ||   627
  Dodge: Dodged            |    56 |    36 |   117 |   276 |   476 ||   961
         Repelled          |       |       |       |       |    41 ||    41
  Block: Buckler           |    11 |    28 |     9 |       |       ||    48

Table legend: (Time is in decaauts)
 A = Elapsed time spent in this place.
 B = Non-inter-level travel time spent in this place.
 C = Inter-level travel time spent in this place.
 D = Time resting spent in this place.
 E = Time spent auto-exploring this place.
 F = Levels seen in this place.
 G = Mean time per level.
                   A        B        C        D        E       F      G
               +--------+--------+--------+--------+--------+-----+--------+
         Total |  18323 |  17314 |   1009 |   2373 |  11104 |  22 |  832.9 |
       Dungeon |  11547 |  10802 |    745 |   1655 |   6910 |  13 |  888.2 |
        Temple |      1 |      1 |      0 |      0 |      0 |   1 |    1.0 |
          Lair |   5222 |   5009 |    213 |    516 |   3488 |   5 | 1044.4 |
  Orcish Mines |   1016 |    965 |     51 |     63 |    592 |   2 |  508.0 |
      Gauntlet |    535 |    535 |      0 |    139 |    113 |   1 |  535.0 |
               +--------+--------+--------+--------+--------+-----+--------+

Top non-repeatable levels by time:
     D:5: 1848 daAuts
  Lair:1: 1408 daAuts
  Lair:3: 1220 daAuts
     D:1: 1134 daAuts
     D:9: 1083 daAuts
  Lair:2: 1037 daAuts
    D:10: 973 daAuts
    D:11: 873 daAuts
  Lair:5: 798 daAuts
     D:2: 796 daAuts
     D:3: 795 daAuts
     D:6: 783 daAuts
     D:8: 765 daAuts
  Lair:4: 758 daAuts
    D:12: 725 daAuts
